 Dungeon Crawl Stone Soup version 0.29-a0-717-g6dac4ea423 (webtiles) character file.

Game seed: 15578536571173599815

77 YayAnonymity the Cudgeller (level 4, 0/42 HPs)
             Began as a Troll Gladiator on June 26, 2022.
             Slain by Sigmund
             ... wielding a +0 scythe
              (10 damage)
             ... on level 4 of the Dungeon.
             The game lasted 00:02:58 (1061 turns).

YayAnonymity the Cudgeller (Troll Gladiator)        Turns: 1061, Time: 00:02:58

Health: 0/42       AC:  4    Str: 24    XL:     4   Next: 13%
Magic:  3/3        EV: 10    Int:  4    God:
Gold:   64         SH:  0    Dex: 11    Spells: 3/3 levels left

rFire   . . .      SeeInvis .   (no weapon)
rCold   . . .      Faith    .   (no shield)
rNeg    . . .      Spirit   .   b - +0 robe
rPois   .          Reflect  .   c - +0 hat
rElec   .          Harm     .   (no cloak)
rCorr   .          Rampage  .   (gloves unavailable)
Will    .....                   (boots unavailable)
Stlth   +.........              (no amulet)
HPRegen 0.94/turn               (no ring)
MPRegen 0.08/turn               (no ring)

@: invisible
A: large, unfitting armour, claws 3, regeneration 1, shaggy fur 1, tough skin 1
a: no special abilities


You were on level 4 of the Dungeon.
You visited 1 branch of the dungeon, and saw 3 of its levels.

You collected 64 gold pieces.

Inventory:

Hand Weapons
 a - a +0 flail
Missiles
 d - 3 throwing nets
 e - a large rock
 j - 3 poisoned darts (quivered)
Armour
 b - a +0 robe (worn)
 c - a +0 hat (worn)
Scrolls
 f - a scroll of fog {unknown}
 h - a scroll of teleportation {unknown}
 i - a scroll of vulnerability {unknown}
 k - a scroll of amnesia {unknown}


   Skills:
 + Level 2.1 Fighting
 * Level 3.5 Maces & Flails
 + Level 2.3 Throwing
 + Level 2.9 Dodging


You had 3 spell levels left.
You didn't know any spells.
Your spell library contained the following spells:

 Spells                   Type           Power      Damage    Failure   Level
 Static Discharge         Conj/Air       0%         N/A       65%         2
 Lightning Bolt           Conj/Air       0%         1d11      100%        5
 Maxwell's Capacitive Co  Air            0%         ∞         100%        8


Dungeon Overview and Level Annotations

Branches:
Dungeon (2/15)

Altars:

Shops:
D:1 (*(   D:2 (   D:4 ?

Annotations:
D:4 1 runed translucent door, Sigmund; zhov's ghost, amateur SpHu


Innate Abilities, Weirdness & Mutations

You are too large for most types of armour.
You have claws for hands.
Your natural rate of healing is unusually fast.
You are covered in fur. (AC +1)
You have tough skin. (AC +1)


Message History

You can access your shopping list by pressing '$'.
Unknown command.
An endoplasm comes into view.
The endoplasm quivers.
You see here a ball python corpse.
You are confused.
You bump into the rock wall.
You're too confused to move!
You're too confused to move!
A puff of flame appears from out of thin air!
The puff of flame hits you.
You feel less confused. Something hits you!
You barely miss something. Something hits you but does no damage.
You miss something. Something hits you!
You miss something. You claw something! Something hits you!
You scratch something. Something hits you.
You miss something. You closely miss something.
You hear some strange, mumbled words.
Something tries to affect you, but you resist.
You closely miss something. Something hits you.
You closely miss something.
You hear some strange, mumbled words.
Something tries to affect you, but you resist.
You barely miss something. Something hits you!
* * * LOW HITPOINT WARNING * * *
You miss something. You scratch something. Something hits you.
* * * LOW HITPOINT WARNING * * *
It was a potion of invisibility.
You fade into invisibility!
Something hits you but does no damage.
You claw something!
The endoplasm jiggles.
You closely miss something. Something hits you.
* * * LOW HITPOINT WARNING * * *
You barely miss something. Something hits you!
You die...

# #.......# ###
#.......## #.##
#........###### #
#..########
#.............# ##
∩...{†....#
#........####.######.
....#####.###........#
#..#..... ......#
#...########.#
##.#.###. ......#
###...######.##
#......#. ...##..#
###.J{@.....##.........
....#....
#######.......###....
#.#.....J.
###....##W##...
#.........
#...##...##.. ......
#..##.....##.
#..#⌠.?♣!.⌠#.
#..##.....##.
.##...##.. .##...


You could see an endoplasm.

Vanquished Creatures
  A hound (D:4)
  An adder (D:2)
  A dart slug (D:2)
  5 ball pythons
  6 endoplasms
  A giant cockroach (D:1)
  6 goblins
  A hobgoblin (D:1)
  2 quokkas
  3 bats (D:1)
  3 frilled lizards (D:1)
  3 kobolds
  2 rats (D:1)
35 creatures vanquished.

Vanquished Creatures (others)
  2 demonic plants (D:4)
2 creatures vanquished.

Grand Total: 37 creatures vanquished

Notes
Turn   | Place    | Note
-------+----------+-------------------------------------------
     0 | D:1      | YayAnonymity the Troll Gladiator began the quest for the
                  | Orb.
     0 | D:1      | Reached XP level 1. HP: 19/19 MP: 0/0
    29 | D:1      | Found Zauromia's Weapon Boutique.
    75 | D:1      | Reached XP level 2. HP: 26/28 MP: 1/1
    96 | D:1      | Reached skill level 3 in Maces & Flails
   296 | D:1      | Found Gogry's Assorted Antiques.
   400 | D:1      | Found Zeke's Antique Weapon Boutique.
   585 | D:1      | Found a faded altar of an unknown god.
   769 | D:2      | Found Qoumnut's Weapon Emporium.
   782 | D:2      | Reached XP level 3. HP: 35/35 MP: 2/2
   871 | D:2      | You fall into a shaft and drop 2 floors!
   909 | D:4      | Found a runed translucent door.
   909 | D:4      | Noticed zhov's ghost (amateur SpHu)
   979 | D:4      | Reached XP level 4. HP: 42/42 MP: 3/3
  1002 | D:4      | Found Tefiz's Magic Scroll Shop.
  1016 | D:4      | Noticed Sigmund
  1061 | D:4      | Slain by Sigmund

Illustrated notes

Levels and vault maps discovered:
D:1:      dpeg_arrival_tiny_k, layout_basic, chequers_ecumenical_altar_grove,
          serial_shops, shop, nicolae_shop_waterfront, shop
D:2:      layout_basic, serial_shops, nicolae_shop_bloodbath_and_beyond,
          hangedman_decor_points
D:4:      layout_rooms, ashenzari_conservatory_becter, serial_shops, shop,
          serial_demonic, serial_demonic_f, serial_demonic_b, serial_demonic_a,
          serial_demonic_f, hellmonk_ghost_happy_afterlife, minmay_hedge_maze,
          uniq_sigmund

Skill      XL: |  1  2  3 |
---------------+----------+-----
Throwing       | 2 |  2.3
Maces & Flails | 3 |  3.5
Fighting       | 2 |  2.1
Dodging        | |  2.9

Action                   |  1- 3 |  4- 6 || total
-------------------------+-------+-------++-------
Melee: Unarmed           |   101 |    20 ||   121
  Use: Potion            |       |     1 ||     1
 Stab: Sleeping          |     2 |       ||     2
Armor: Robe              |    37 |     4 ||    41
Dodge: Dodged            |    61 |     1 ||    62

Table legend: (Time is in decaauts)
 A = Elapsed time spent in this place.
 B = Non-inter-level travel time spent in this place.
 C = Inter-level travel time spent in this place.
 D = Time resting spent in this place.
 E = Time spent auto-exploring this place.
 F = Levels seen in this place.
 G = Mean time per level.
                   A        B        C        D        E       F      G
               +--------+--------+--------+--------+--------+-----+--------+
         Total |   1059 |   1035 |     24 |     26 |    663 |   3 |  353.0 |
       Dungeon |   1059 |   1035 |     24 |     26 |    663 |   3 |  353.0 |
               +--------+--------+--------+--------+--------+-----+--------+

Top non-repeatable levels by time:
     D:1: 745 daAuts
     D:4: 189 daAuts
     D:2: 124 daAuts
